 Dungeon Crawl Stone Soup version 0.30.1-11-g7821555f0a (webtiles) character file.

Game seed: 796339609471191418

7562 Pjbond the Slicer (level 11, -7/93 HPs)
             Began as a Gargoyle Monk on Nov 21, 2023.
             Was an Elder of Hepliaklqana.
             Mangled by a freezing wraith (16 damage)
             ... on level 9 of the Dungeon.
             The game lasted 00:35:30 (8159 turns).

Pjbond the Slicer (Gargoyle Monk)                   Turns: 8159, Time: 00:35:30

Health: -7/93      AC: 27    Str: 16    XL:     11   Next: 17%
Magic:  11/11      EV: 15    Int: 16    God:    Hepliaklqana [****..]
Gold:   607        SH:  0    Dex: 16    Spells: 10/10 levels left

rFire   . . .        h - +2 short sword (protect)
rCold   . . .        d - orb {light}
rNeg    + . .        O - +3 acid dragon scales
rPois   ∞            C - +0 helmet
rElec   +            x - +0 cloak
rCorr   +            (no gloves)
SInv    .            (no boots)
Will    .....        (no amulet) Stlth
                     e - ring of wizardry
HPRegen 0.35/turn    N - +6 ring of intelligence
MPRegen 0.12/turn

%: wizardry (x1)
@: berserking, under a protective aura, slowed, glowing
A: reduced essence, sickness immunity, AC +8, negative energy resistance 1,
electricity resistance, torment resistance 1, petrification resistance
a: Renounce Religion, Recall Ancestor, Ancestor Identity, Transference, Idealise


You were on level 9 of the Dungeon.
You worshipped Hepliaklqana.
Hepliaklqana was greatly pleased with you.
You visited 2 branches of the dungeon, and saw 10 of its levels.

You collected 607 gold pieces.

Inventory:

Hand Weapons
 a - a +0 mace
 h - a +2 short sword of protection (weapon)
 y - a +1 dagger of venom
Armour
 d - an orb of light (worn)
 x - a +0 cloak (worn)
 C - a +0 helmet (worn)
 O - +3 acid dragon scales (worn)
Magical Staves
 q - a staff of earth
Jewellery
 b - the amulet of Qydaim {RegenMP rElec rN+ Regen+ Dex+2 Stlth-}
   (You found it on level 9 of the Dungeon)

   [amulet of magic regeneration]

   It increases your rate of magic regeneration.
   Dex:       It affects your dexterity (+2).
   rElec:     It insulates you from electricity.
   rN:        It protects you from negative energy.
   Regen:     It increases your rate of health regeneration.
   Stlth:     It makes you less stealthy.
 e - a ring of wizardry (left hand)
 u - a ring of protection from cold
 A - a ring of protection from cold
 F - a ring of protection from cold
 N - a +6 ring of intelligence (right hand)
Wands
 c - a wand of flame (16)
 o - a wand of polymorph (22)
 I - a wand of mindburst (14)
 K - a wand of paralysis (9)
Scrolls
 f - 4 scrolls of poison
 g - 4 scrolls of fog
 p - 4 scrolls of teleportation
 r - a scroll of torment {unknown}
 s - 3 scrolls of enchant weapon
 w - 2 scrolls of amnesia {unknown}
 B - a scroll of immolation {unknown}
 E - a scroll of magic mapping {unknown}
 G - a scroll of butterflies {unknown}
 H - 2 scrolls of fear {unknown}
 M - a scroll of acquirement {unknown}
Potions
 i - a potion of haste {unknown}
 j - 2 potions of degeneration {unknown}
 k - a potion of mutation {unknown}
 l - 2 potions of lignification
 m - 4 potions of brilliance
 n - a potion of heal wounds {unknown}
 t - 2 potions of curing
 v - a potion of magic {unknown}
 z - a potion of might
 D - 4 potions of flight
 J - a potion of berserk rage


   Skills:
 + Level 8.3 Fighting
 + Level 10.2 Short Blades
 + Level 3.6 Maces & Flails
 + Level 4.7 Armour
 + Level 7.3 Dodging
 + Level 5.6 Stealth


You had 10 spell levels left.
You didn't know any spells.
Your spell library contained the following spells:

 Spells                   Type           Power      Damage    Failure   Level
 Beastly Appendage        Tmut           0%         N/A       13%         1
 Necrotise                Necr           0%         1d4       13%         1
 Shock                    Conj/Air       0%         1d3       13%         1
 Slow                     Hex            0%         N/A       13%         1
 Summon Small Mammal      Summ           0%         N/A       13%         1
 Wereblood                Tmut           0%         N/A       21%         2
 Call Canine Familiar     Summ           0%         N/A       36%         3
 Confusing Touch          Hex            0%         N/A       36%         3
 Spider Form              Tmut/Pois      0%         N/A       36%         3
 Summon Guardian Golem    Hex/Summ       0%         N/A       36%         3
 Swiftness                Air            0%         N/A       36%         3
 Vampiric Draining        Necr           0%         2d6       36%         3
 Airstrike                Air            0%         2d(0-16)  75%         4
 Dispel Undead            Necr           0%         3d6       75%         4
 Petrify                  Tmut/Erth      0%         N/A       75%         4
 Agony                    Necr           0%         N/A       97%         5
 Irradiate                Conj/Tmut      0%         3d11      97%         5
 Iskenderun's Battlesphe  Conj           0%         2d6       97%         5
 Death Channel            Necr           0%         N/A       100%        6
 Iron Shot                Conj/Erth      0%         9d1       100%        6
 Spellforged Servitor     Conj/Summ      0%         N/A       100%        7
 Cigotuvi's Dreadful Rot  Necr/Pois/Air  Unusable   N/A       N/A         2
 Sublimation of Blood     Necr           Unusable   N/A       N/A         2

Dungeon Overview and Level Annotations

Branches:
Dungeon (9/15)             Temple (1/1) D:4             Orc (0/2) D:9
   Lair: D:8-11

Altars:
Ashenzari
Cheibriados
Dithmenos
Elyvilon
Fedhas
Gozag
Hepliaklqana
Kikubaaqudgha
Makhleb
Nemelex Xobeh
Okawaru
Qazlal
Ru
Sif Muna
Trog
Uskayaw
Vehumet
Yredelemnul
Zin
The Shining One

Shops:
D:2 =

Annotations:
D:9 KittyFluff's ghost, novice GrBe


Innate Abilities, Weirdness & Mutations

Your life essence is reduced to manifest your ancestor. (-10% HP)
You are immune to sickness and miasma.
Your stone body is resilient. (AC +8)
You are immune to poison.
You resist negative energy. (rN+)
You are resistant to electric shocks. (rElec)
You are resistant to unholy torment.
You are immune to petrification.


Message History

The freezing wraith attacks as you move away!
The freezing wraith closely misses you.
The freezing wraith hits you but does no damage.
You hit the freezing wraith but do no damage.
The freezing wraith closely misses you. x2
You hit the freezing wraith but do no damage.
The freezing wraith hits you but does no damage. x2
You hit the freezing wraith.
The freezing wraith is lightly damaged.
The freezing wraith completely misses you.
The freezing wraith barely misses you.
You hit the freezing wraith.
The freezing wraith is lightly damaged.
You hit the freezing wraith.
The freezing wraith is moderately damaged.
The freezing wraith hits you! The freezing wraith freezes you!
* * * LOW HITPOINT WARNING * * *
The freezing wraith barely misses you.
You barely miss the freezing wraith.
The freezing wraith is moderately damaged.
The freezing wraith hits you but does no damage. x2
You hit the freezing wraith but do no damage.
The freezing wraith is moderately damaged.
The freezing wraith closely misses you. x2
You feel better. The freezing wraith misses you.
The freezing wraith hits you but does no damage.
A red film seems to cover your vision as you go berserk!
You feel yourself moving faster!
You feel mighty!
The freezing wraith closely misses you. x2; The freezing wraith hits you!
The freezing wraith freezes you!!
* * * LOW HITPOINT WARNING * * *
The freezing wraith hits you but does no damage.
You hit the freezing wraith but do no damage.
The freezing wraith is moderately damaged.
You hit the freezing wraith.
The freezing wraith is moderately damaged.
The freezing wraith hits you.
* * * LOW HITPOINT WARNING * * *
The freezing wraith freezes you!
You die...

#.......#
#.......#
#.......#
#.......##
#........#
##......#.#
##.......#.#
#
#..#######.#
# #@##
#.#######
##W#
#.......#
#WW######
#######..
#W###.#.#.#
##.
#...#W....#
#.
#...W...!8#
##
#..R'...?.#
#
##..'...?8#
# #..#.....#
#


You could see 4 freezing wraiths.

Vanquished Creatures
  A two-headed ogre (D:9)
  Sigmund (D:3)
  A wyvern (D:8)
  A wraith (D:9)
  A shadow (D:9)
  6 yaks (D:9)
  A steam dragon (D:8)
  A water moccasin (D:7)
  An ice beast (D:5)
  A black bear (D:6)
  A gnoll sergeant (D:9)
  A scorpion (D:3)
  A wight (D:9)
  3 hounds
  2 sleepcaps
  Ijyb (D:3)
  Terence (D:3)
  3 iguanas
  3 gnolls
  3 adders
  A white imp (D:6)
  2 worms
  2 dart slugs
  4 orcs (D:6)
  8 endoplasms
  3 giant cockroaches
  5 goblins
  4 hobgoblins
  A quokka (D:2)
  12 ball pythons
  A bat (D:3)
  5 frilled lizards
  8 kobolds
  11 rats
101 creatures vanquished.

Vanquished Creatures (collateral kills)
  The ghost of safid the Chiller, a novice MfIE (D:5)
  A troll (D:7)
  Grinder (D:4)
  9 yaks (D:9)
  Eustachio (D:6)
  Edmund (D:5)
  A water moccasin (D:8)
  An acid dragon (D:8)
  A black bear (D:7)
  An ice beast (D:5)
  2 orc warriors (D:9)
  A sky beast (D:6)
  3 ogres
  2 centaurs (D:8)
  2 kobold brigands
  A gnoll sergeant (D:9)
  2 bullfrogs
  2 scorpions (D:5)
  4 wights (D:9)
  3 killer bees (D:8)
  3 iron imps (D:5)
  A hound (D:6)
  2 jellies
  An orc priest (D:6)
  A gnoll bouda (D:9)
  An iguana (D:5)
  An orc wizard (D:6)
  13 gnolls
  An adder (D:4)
  A shadow imp (D:8)
  An ufetubus (D:6)
  14 orcs
  2 endoplasms (D:4)
  A hobgoblin (D:4)
  6 kobolds
  4 quokkas
93 creatures vanquished.

Vanquished Creatures (others)
  3 battlemagi (D:9)
3 creatures vanquished.

Grand Total: 197 creatures vanquished

Notes
Turn   | Place    | Note
-------+----------+-------------------------------------------
     0 | D:1      | Pjbond the Gargoyle Monk began the quest for the Orb.
     0 | D:1      | Reached XP level 1. HP: 14/14 MP: 1/1
    95 | D:1      | Found a faded altar of an unknown god.
   111 | D:1      | Reached XP level 2. HP: 15/19 MP: 2/2
   486 | D:1      | Reached XP level 3. HP: 24/24 MP: 3/3
  1009 | D:2      | Reached XP level 4. HP: 23/29 MP: 4/4
  1323 | D:2      | Found Woestruh's Jewellery Emporium.
  1346 | D:2      | Reached skill level 1 in Short Blades
  1809 | D:3      | Noticed a scorpion
  1839 | D:3      | Killed a scorpion
  1840 | D:3      | Reached skill level 2 in Short Blades
  1840 | D:3      | Reached skill level 1 in Stealth
  1840 | D:3      | Reached XP level 5. HP: 30/33 MP: 5/5
  1873 | D:3      | Noticed Sigmund
  1925 | D:3      | Killed Sigmund
  1926 | D:3      | Reached skill level 3 in Short Blades
  1926 | D:3      | Reached XP level 6. HP: 28/39 MP: 6/6
  2047 | D:3      | Noticed Terence
  2072 | D:3      | Killed Terence
  2190 | D:3      | Found a white marble altar of Elyvilon.
  2401 | D:3      | Noticed Ijyb
  2441 | D:3      | Killed Ijyb
  2788 | D:4      | Found a staircase to the Ecumenical Temple.
  2795 | Temple   | Entered the Ecumenical Temple
  3115 | Temple   | Became a worshipper of Hepliaklqana the Forgotten
  3115 | Temple   | Reached * piety under Hepliaklqana
  3115 | Temple   | Reached ** piety under Hepliaklqana
  3134 | D:4      | Remembered your ancestor Destiny 2 as a battlemage
  3192 | D:4      | Reached skill level 4 in Short Blades
  3193 | D:4      | Reached XP level 7. HP: 39/39 MP: 7/7
  3722 | D:4      | Noticed Grinder
  3733 | D:4      | Killed Grinder
  3734 | D:4      | Reached skill level 5 in Fighting
  3734 | D:4      | Reached skill level 5 in Short Blades
  3860 | D:5      | Entered Level 5 of the Dungeon
  3874 | D:5      | Reached XP level 8. HP: 37/44 MP: 8/8
  4014 | D:5      | Found a burning altar of Makhleb.
  4094 | D:5      | Reached skill level 6 in Short Blades
  4283 | D:5      | Noticed Edmund
  4290 | D:5      | Killed Edmund
  4291 | D:5      | Found a runed translucent door.
  4304 | D:5      | Noticed safid's ghost (novice MfIE)
  4339 | D:5      | Killed safid's ghost
  4340 | D:5      | Reached skill level 7 in Short Blades
  4436 | D:5      | Reached XP level 9. HP: 49/49 MP: 9/9
  4699 | D:6      | Noticed Eustachio
  4719 | D:6      | Killed Eustachio
  4720 | D:6      | Reached skill level 5 in Dodging
  4824 | D:6      | Reached *** piety under Hepliaklqana
  5020 | D:6      | Reached skill level 8 in Short Blades
  5908 | D:7      | Noticed a troll
  5916 | D:7      | Killed a troll
  6214 | D:8      | Reached XP level 10. HP: 56/56 MP: 10/10
  6405 | D:8      | Reached **** piety under Hepliaklqana
  6650 | D:8      | Reached skill level 9 in Short Blades
  6901 | D:9      | Reached skill level 1 in Armour
  6904 | D:9      | Reached skill level 5 in Stealth
  6988 | D:9      | Identified the amulet of Qydaim {RegenMP rElec rN+ Regen+
                  | Dex+2 Stlth-}
  7310 | D:9      | Found a blossoming altar of Fedhas.
  7526 | D:9      | Noticed a two-headed ogre
  7584 | D:9      | Reached XP level 11. HP: 47/61 MP: 11/11
  7610 | D:9      | Killed a two-headed ogre
  7611 | D:9      | Reached skill level 10 in Short Blades
  7878 | D:9      | Found a staircase to the Orcish Mines.
  8012 | D:9      | Found a runed translucent gate.
  8012 | D:9      | Found a runed translucent gate.
  8013 | D:9      | Found a runed translucent gate.
  8013 | D:9      | Noticed KittyFluff's ghost (novice GrBe)
  8159 | D:9      | Mangled by a freezing wraith

Illustrated notes

Levels and vault maps discovered:
D:1:      lightli_arrival_isolated_outpost, layout_rooms, serial_aquarium,
          aquarium_bridge_long_joined [aquarium_subvault_wall,
          aquarium_subvault_balcony, aquarium_subvault_bridge,
          aquarium_subvault_window, aquarium_subvault_wall,
          aquarium_subvault_bridge], aquarium_window_2,
          aquarium_window_corridor_3, aquarium_window_corner,
          aquarium_window_corner, aquarium_view_2a, aquarium_view_2b,
          aquarium_pool_1, hellmonk_ecumenical_altar_pennies_from_heaven,
          minmay_misc_feat_cross, minmay_tromino_v4_a
D:2:      layout_loops_ring, serial_shops, shop, roderic_lattice_a,
          nrook_mini_backslash
D:3:      layout_basic, nicolae_overflow_crystal_walls, uniq_ijyb, uniq_terence,
          uniq_sigmund
D:4:      layout_gridville, minmay_temple_entry_arrows, uniq_grinder
D:5:      layout_basic, demons_altar, ebering_ghost_sewer_d, uniq_edmund
D:6:      layout_basic, dk_noncrumbling_3, uniq_eustachio
D:7:      layout_loops_ring
D:8:      layout_gridville
D:9:      layout_basic, mainiacjoe_overflow_catwalk, david_orc_2,
          gammafunk_ghost_spectres
Temple:   nicolae_temple_bog_church

Skill      XL: |  1  2  3  4  5  6  7  8  9 10 11 |
---------------+----------------------------------+-----
Fighting       | 4 5 6 7 8 |  8.3
Short Blades   | 2 3 4 5 7 8 9 10 | 10.2
Dodging        | 3 4 6 7 |  7.3
Stealth        | 1 2 3 4 5 |  5.6
Armour         | 4 |  4.7
Maces & Flails | |  3.6

Action                     |  1- 3 |  4- 6 |  7- 9 | 10-12 || total
---------------------------+-------+-------+-------+-------++-------
  Melee: Mace              |    32 |       |       |       ||    32
         Short sword       |    56 |   176 |   175 |   268 ||   675
 Invoke: Ancestor Identity |       |     2 |       |     1 ||     3
         Ancestor Life: Ba |       |     1 |       |       ||     1
  Evoke: Wand              |       |       |       |     1 ||     1
    Use: Potion            |       |     1 |       |     2 ||     3
         Scroll            |       |       |     9 |     4 ||    13
   Stab: Distracted        |       |       |     3 |     3 ||     6
 Armour: Robe              |    25 |    52 |    68 |       ||   145
         Acid dragon scale |       |       |       |    98 ||    98
  Dodge: Dodged            |    50 |    99 |    98 |   202 ||   449
